 Dungeon Crawl Stone Soup version 0.16.1-14-g82efdee (webtiles) character file.

51 jacksonaction the Conjurer (level 3, 19/19 HPs)
             Began as a Tengu Conjurer on Apr 13, 2015.
             Quit the game on level 2 of the Dungeon.
             The game lasted 00:06:50 (1578 turns).

jacksonaction the Conjurer (Tengu Conjurer)         Turns: 1578, Time: 00:06:50

Health: 19/19      AC:  2    Str:  8    XL:     3   Next: 81%
Magic:  7/7        EV: 12    Int: 16    God:
Gold:   44         SH:  0    Dex: 14    Spells: 2 memorised, 3 levels left

rFire  . . .     SeeInvis .     i - -3 dagger (curse)
rCold  . . .     Clarity  .     a - +0 robe
rNeg   . . .     SustAb   .     (no shield)
rPois  .         Gourm    .     (helmet restricted)
rElec  .         Spirit   .     (no cloak)
rCorr  .         Warding  .     (no gloves)
rMut   .         Stasis   .     (boots unavailable)
MR     .....                    (no amulet)
Stlth  ++........               (no ring)
                                (no ring)

@: not resistant to hostile enchantments, unstealthy
A: beak, talons 3
a: no special abilities


You were on level 2 of the Dungeon.
You were not hungry.

You visited 1 branch of the dungeon, and saw 2 of its levels.

You collected 44 gold pieces.

Inventory:

Hand weapons
 i - a cursed -3 dagger (weapon)
Armour
 a - a +0 robe (worn)
Magical devices
 o - a wand of random effects (35)
Scrolls
 d - 2 scrolls of teleportation {unknown}
 e - 3 scrolls of identify {unknown}
 f - a scroll of amnesia {unknown}
 h - 4 scrolls of enchant armour {unknown}
 j - 3 scrolls of remove curse {unknown}
 l - a scroll of fog {unknown}
Potions
 n - a potion of ambrosia {unknown}
 p - a potion of cure mutation {unknown}
Books
 c - a book of Conjurations

   Spells                             Type                      Level
   a - Magic Dart                     Conjuration                  1
   b - Searing Ray                    Conjuration                  2
   c - Dazzling Spray                 Conjuration/Hexes            3
   d - Fulminant Prism                Conjuration/Hexes            4
   e - Iskenderun's Mystic Blast      Conjuration                  4
   f - Iskenderun's Battlesphere      Conjuration/Charms           5
Comestibles
 b - a bread ration
 g - a beef jerky
 k - a meat ration
 m - a chunk of flesh


   Skills:
 - Level 2.1 Dodging
 - Level 2.0 Stealth
 - Level 2.0 Spellcasting
 + Level 7.1 Conjurations


You had 3 spell levels left.
You knew the following spells:

 Your Spells              Type           Power        Failure   Level  Hunger
a - Magic Dart            Conj           ###.         1%          1    #......
b - Searing Ray           Conj           ###...       1%          2    ###....


Dungeon Overview and Level Annotations

Branches:
Dungeon (2/15)

Altars:


Innate Abilities, Weirdness & Mutations

You have a beak for a mouth.
You have claws for feet.


Message History

Aiming: Magic Dart
Press: ? - help, Shift-Dir - straight line, f/p - jackal
Aim: a jackal (severely wounded)
The magic dart hits the jackal.
The jackal is severely wounded.
Casting: Magic Dart
Confirm with . or Enter, or press ? or * to list all spells.
Aiming: Magic Dart
Press: ? - help, Shift-Dir - straight line, f/p - jackal
Aim: a jackal (severely wounded)
The magic dart hits the jackal.
You kill the jackal!
You start resting.
Magic restored.
j - 3 scrolls labeled YFAOTZA SHEQEG (gained 1)
Found a stone staircase leading down.
Saving game... please wait.
Welcome back, jacksonaction the Tengu Conjurer.
Press ? for a list of commands and other information.
Are you sure you want to abandon this character and quit the game? (Confirm with "yes".)

. #.. #.. ..> ..
#. ######.#####
............#
#.....@...######
#..............#
#.........####.#
##############.#
...........#
##.####.###
#.#..#.#
+.+..#.#
#.####.##'#.#


There were no monsters in sight!

Vanquished Creatures
  An adder (D:2)
  2 giant geckos (D:1)
  An ooze (D:2)
  4 giant cockroaches
  5 goblins (D:1)
  6 hobgoblins
  3 kobolds
  4 bats
  2 giant newts
  5 jackals (D:2)
  3 rats
36 creatures vanquished.

Notes
Turn   | Place    | Note
--------------------------------------------------------------
     0 | D:1      | jacksonaction, the Tengu Conjurer, began the quest for the Orb.
     0 | D:1      | Reached XP level 1. HP: 10/10 MP: 3/3
   126 | D:1      | Reached XP level 2. HP: 15/15 MP: 1/5
   173 | D:1      | Learned a level 2 spell: Searing Ray
   319 | D:1      | Reached skill level 6 in Conjurations
   869 | D:1      | Reached XP level 3. HP: 19/19 MP: 5/7
  1473 | D:2      | Reached skill level 7 in Conjurations
  1578 | D:2      | Quit the game

Action                   || total
-------------------------++-------
Melee: Unarmed           ||     6
 Cast: Magic Dart        ||    70
       Searing Ray       ||     2
  Eat: Chunk             ||     3
